 Dungeon Crawl Stone Soup version 0.19-a0-767-gecb35b1 (webtiles) character file.

476 TheGoonsmith the Firebug (level 6, -3/32 HPs)
             Began as a Deep Elf Fire Elementalist on June 25, 2016.
             Slain by a centaur skeleton (4 damage)
             ... on level 4 of the Dungeon.
             The game lasted 00:04:55 (3676 turns).

TheGoonsmith the Firebug (DEFE)                     Turns: 3676, Time: 00:04:55

Health: -3/32      AC:  3    Str:  5      XL:     6   Next: 85%
Magic:  14/15      EV: 13    Int: 21 (22) God:
Gold:   125        SH:  0    Dex: 15      Spells: 4 memorised, 1 level left

rFire  . . .     SeeInvis .     q - +1 dagger (venom)
rCold  . . .     Gourm    .     a - +0 robe
rNeg   . . .     Faith    .     (no shield)
rPois  .         Spirit   .     (no helmet)
rElec  .         Dismiss  .     d - +0 cloak
rCorr  .         Reflect  .     (no gloves)
SustAt .         Harm     .     (no boots)
MR     .....                    (no amulet)
Stlth  ++........               (no ring)
                                (no ring)

@: lethally poisoned (-3 -> -17), not resistant to hostile enchantments,
unstealthy
A: no striking features
a: no special abilities


You were on level 4 of the Dungeon.
You were not hungry.

You visited 1 branch of the dungeon, and saw 4 of its levels.

You collected 125 gold pieces.

Inventory:

Hand Weapons
 m - a +0 club
 q - a +1 dagger of venom (weapon)
Armour
 a - a +0 robe (worn)
 d - a +0 cloak (worn)
Jewellery
 j - an uncursed ring of sustain attributes {unknown}
Wands
 u - a wand of random effects (48/48)
Scrolls
 e - 3 scrolls of noise
 g - 3 scrolls of recharging
 o - 2 scrolls of remove curse
 p - 2 scrolls of random uselessness
 s - a scroll of magic mapping
Potions
 f - a potion of degeneration
Books
 b - a book of Flames

   Spells                             Type                      Level
   a - Flame Tongue                   Conjuration/Fire             1
   b - Throw Flame                    Conjuration/Fire             2
   c - Conjure Flame                  Conjuration/Fire             3
   d - Inner Flame                    Hexes/Fire                   3
   e - Sticky Flame                   Conjuration/Fire             4
   f - Fireball                       Conjuration/Fire             5
Comestibles
 c - 3 bread rations
 i - 2 meat rations
 n - a beef jerky


   Skills:
 - Level 2.4 Dodging
 - Level 2.4 Stealth
 + Level 4.8 Spellcasting
 * Level 5.0 Conjurations
 * Level 6.0 Fire Magic


You had one spell level left.
You knew the following spells:

 Your Spells              Type           Power        Failure   Level  Hunger
a - Flame Tongue          Conj/Fire      ####.        1%          1    None
c - Conjure Flame         Conj/Fire      ####....     3%          3    ##.....
f - Fireball              Conj/Fire      ####......   34%         5    #####..
s - Sticky Flame          Conj/Fire      ####....     14%         4    ####...


Dungeon Overview and Level Annotations

Branches:
Dungeon (4/15)
 Temple: D:4-7

Altars:
Ashenzari
Hepliaklqana
Makhleb
Xom


Message History

Press: ? - help, Dir - move target cursor, p - worker ant You can't see that place. [the floor.]
You can't see that place.
Are you sure you want to cancel this blink? [Y]es or [N]o only, please.
Are you sure you want to cancel this blink? [Y]es or [N]o only, please.
Are you sure you want to cancel this blink? [Y]es or [N]o only, please.
Are you sure you want to cancel this blink?
Blink to where?
Press: ? - help, Dir - move target cursor, f - you Are you sure you want to cancel this blink?
Okay, then.
As you read the scroll labeled XINWYU AFEKICW, it crumbles to dust.
It was a scroll of blinking.
* * * LOW HITPOINT WARNING * * *
You feel sick. The centaur skeleton hits you.
You die...

,,,,,,,,,***,**#..?...#>*
*,* ,,,,,,,,,,**,*
#..O...#,* *,*
,,,,,,,,,,,*,* #......#,*
*,* ,,,,,,,,,,,*,*
#.######,* *,*
,,,,*****,,*,* #.# *,*
*,* ,,,,* *,,*,* #O# *,*
*,* ***** **,*,* #O# *,*
*,* *,,,* #a# *,* *,*
**********,,,* #@# *,*
*,* ,,,,,,,,,,,,,* #Z#
*,* *,*
**********<,,**#a#** *,*
*,* *,,,,,ยงยง.,*
*,*******,*
*******,,*#.#,**
*,,,,,,,,,*
*,,,,,**,*#..,,*
***********
*,,,,,+,,,+..,,*
*,,,,,***,#..,,* *,,,,,*
*,*,,,,*


You could see an ogre, 2 worker ants and a centaur skeleton.

Vanquished Creatures
  A black bear (D:3)
  A giant frog skeleton (D:4)
  A hound (D:3)
  Jessica (D:2)
  Terence (D:3)
  Natasha (thrice) (D:3)
  3 orc wizards (D:3)
  4 adders
  4 worms (D:3)
  3 dart slugs
  A giant gecko (D:1)
  6 orcs (D:3)
  A ball python (D:3)
  3 giant cockroaches
  7 goblins
  9 hobgoblins
  4 jackals (D:3)
  8 bats
  3 giant newts
  11 kobolds
  3 rats
78 creatures vanquished.

Notes
Turn   | Place    | Note
--------------------------------------------------------------
     0 | D:1      | TheGoonsmith the Deep Elf Fire Elementalist began the quest for the Orb.
     0 | D:1      | Reached XP level 1. HP: 10/10 MP: 6/6
   238 | D:1      | You fall through a shaft!
   247 | D:2      | Reached XP level 2. HP: 15/15 MP: 1/8
   626 | D:2      | Found a burning altar of Makhleb.
   998 | D:1      | Reached skill level 4 in Fire Magic
  1135 | D:1      | Reached XP level 3. HP: 15/19 MP: 6/9
  1996 | D:2      | Noticed Jessica
  1999 | D:2      | Killed Jessica
  1999 | D:2      | Reached XP level 4. HP: 24/24 MP: 8/11
  2397 | D:3      | Noticed Natasha
  2407 | D:3      | Noticed Terence
  2412 | D:3      | Reached XP level 5. HP: 27/28 MP: 4/12
  2484 | D:2      | Learned a level 3 spell: Conjure Flame
  2489 | D:2      | Learned a level 4 spell: Sticky Flame
  2492 | D:3      | Killed Natasha
  2497 | D:3      | Killed Terence
  2497 | D:3      | Reached skill level 5 in Fire Magic
  2786 | D:3      | Noticed a black bear
  2792 | D:3      | Killed a black bear
  2792 | D:3      | Reached XP level 6. HP: 25/32 MP: 7/14
  2859 | D:3      | Found a shimmering altar of Xom.
  2860 | D:3      | Found a hazy altar of Hepliaklqana.
  2860 | D:3      | Noticed an insubstantial wisp
  2861 | D:3      | Noticed a spectral ugly thing
  2861 | D:3      | Noticed an insubstantial wisp
  2900 | D:3      | Learned a level 5 spell: Fireball
  3032 | D:3      | Found a shattered altar of Ashenzari.
  3034 | D:3      | Noticed Natasha
  3041 | D:3      | Killed Natasha
  3157 | D:3      | Noticed Natasha
  3160 | D:3      | Killed Natasha
  3356 | D:3      | Reached skill level 6 in Fire Magic
  3564 | D:4      | Reached skill level 5 in Conjurations
  3676 | D:4      | HP: 1/32 [poisoned by a worker ant]
  3676 | D:4      | Slain by a centaur skeleton

Vault maps used:
D:1:      roderic_crossed_star, serial_bayou_lake_a
D:2:      lightli_temple_of_fire, uniq_jessica
D:3:      regret_index_temple_of_mockery, evilmike_ruin_ashenzari, first_bread,
          minmay_misc_feat_alley, serial_bayou_pond_d, uniq_natasha,
          uniq_terence

Skill      XL: |  1  2  3  4  5  6 |
---------------+-------------------+-----
Conjurations   | 2 3 4 5 |  5.0
Fire Magic     | 4 5 6 |  6.0
Spellcasting   | 4 |  4.8
Dodging        | |  2.4
Stealth        | |  2.4

Action                   |  1- 3 |  4- 6 || total
-------------------------+-------+-------++-------
Melee: Unarmed           |    15 |       ||    15
       Club              |     1 |       ||     1
       Dagger            |       |    14 ||    14
 Cast: Flame Tongue      |    54 |   115 ||   169
  Use: Potion            |       |     3 ||     3
       Scroll            |       |     7 ||     7
  Eat: Chunk             |     3 |     5 ||     8
Armor: Robe              |    12 |    13 ||    25
Dodge: Dodged            |    23 |    46 ||    69
